 Dungeon Crawl Stone Soup version 0.18.1-50-g88ac8fd (webtiles) character file.

444 Kirkhe the Grasshopper (level 7, -2/45 HPs)
             Began as an Octopode Warper on Oct 10, 2016.
             Was an Initiate of Fedhas.
             Slain by an orc wizard
             ... wielding a +0 dagger
              (5 damage)
             ... on level 5 of the Dungeon.
             The game lasted 00:10:14 (3693 turns).

Kirkhe the Grasshopper (Octopode Warper)            Turns: 3693, Time: 00:10:15

Health: -2/45      AC:  1    Str: 15    XL:     7   Next: 3%
Magic:  11/11      EV: 12    Int: 17    God:    Fedhas [......]
Gold:   188        SH:  5    Dex: 16    Spells: 2 memorised, 9 levels left

rFire  . . .     SeeInvis .     a - +0 spear
rCold  . . .     Gourm    .     t - +1 buckler
rNeg   . . .     Faith    .     (helmet restricted)
rPois  .         Spirit   .     (no amulet)
rElec  .         Dismiss  .     i - +4 ring of dexterity
rCorr  .         Reflect  .     (no ring)
SustAt .         Harm     .     (no ring)
MR     .....                    (no ring)
Stlth  ++........               (no ring)
                                (no ring)
                                (no ring)
                                (no ring)

@: mighty, not resistant to hostile enchantments, unstealthy
A: almost no armour, amphibious, 8 rings, constrict 8, camouflage 1, gelatinous
body 1
a: Renounce Religion


You were on level 5 of the Dungeon.
You worshipped Fedhas.
Fedhas was noncommittal.
You were very hungry.

You visited 2 branches of the dungeon, and saw 6 of its levels.

You collected 188 gold pieces.

Inventory:

Hand Weapons
 a - a +0 spear (weapon)
Missiles
 d - 4 tomahawks of dispersal (quivered)
 l - a throwing net
 o - 3 tomahawks of returning
Armour
 t - a +1 buckler (worn)
Jewellery
 i - a +4 ring of dexterity (left tentacle)
Scrolls
 c - a scroll of blinking
 j - 2 scrolls of teleportation
 k - 2 scrolls of enchant armour
 m - a scroll of immolation {unknown}
 n - 3 scrolls of magic mapping
Potions
 e - 2 potions of lignification
 h - a potion of heal wounds {unknown}
 p - 2 potions of curing
 q - a potion of cancellation {unknown}
 v - a potion of resistance
 x - a potion of agility
Books
 b - a book of Spatial Translocations

   Spells                             Type                      Level
   a - Apportation                    Translocation                1
   b - Blink                          Translocation                2
   c - Shroud of Golubria             Charms/Translocation         2
   d - Portal Projectile              Translocation                3
   e - Teleport Other                 Translocation                3
   f - Passage of Golubria            Translocation                4
Comestibles
 f - 2 bread rations
 g - 2 fruits
 u - a meat ration
 w - a slice of pizza


   Skills:
 - Level 2.0 Fighting
 + Level 5.0 Polearms
 - Level 1.0 Throwing
 - Level 2.3 Dodging
 * Level 0.8 Shields
 + Level 3.3 Spellcasting
 + Level 5.1 Translocations


You had 9 spell levels left.
You knew the following spells:

 Your Spells              Type           Power        Failure   Level  Hunger
a - Apportation           Tloc           ###.......   3%          1    None
b - Blink                 Tloc           N/A          6%          2    ##.....


Dungeon Overview and Level Annotations

Branches:
Dungeon (5/15)             Temple (1/1) D:4

Altars:
Ashenzari
Cheibriados
Dithmenos
Elyvilon
Fedhas
Gozag
Kikubaaqudgha
Makhleb
Pakellas
Ru
Trog
Xom
Zin
The Shining One


Innate Abilities, Weirdness & Mutations

You cannot wear most types of armour.
You are amphibious.
You can wear up to eight rings at the same time.
You can use your tentacles to constrict eight enemies at once.
Your skin changes colour to match your surroundings (Stealth).
Your rubbery body absorbs attacks (AC +1).


Message History

Drink which item? (? for menu, Esc to quit)
You feel better. Something hits you. x2
Attack whom?
Press: ? - help, Dir - move target cursor, f - orc
Aim: an orc, wielding a falchion and wearing a ring mail You reach to attack!
You barely miss the water moccasin. Something hits you.
* * * LOW HITPOINT WARNING * * *
You are too injured to fight recklessly!
You are too injured to fight recklessly!
Attack whom?
Press: ? - help, Dir - move target cursor, f/p - water moccasin
Aim: a water moccasin Something you can't see is in the way.
You puncture something!
You hear some strange, mumbled words.
A magic dart appears from out of thin air!
The magic dart hits you!
* * * LOW HITPOINT WARNING * * *
Something hits you.
You die...
Fedhas appreciates your contribution to the ecosystem.

........>#
#####.#....#.#
...#.#.##.#.#
####.#.#.##.#.#
#.#...........#
#............o####
..#.........o.)oS#
..#..........###.#
......#...o..# #@#
..#.###......# #.#
.......o.J.......#
.......####.######
.......# #o#
.)..#..# #.#
##.<#..# ###....#
.....###


You could see a water moccasin and an orc.

Vanquished Creatures
  The ghost of Kirkhe the Insei, an amateur OpTm (D:3)
  2 worker ants
  4 orc wizards
  5 adders
  3 oozes
  3 dart slugs
  9 giant geckos
  11 orcs
  3 ball pythons (D:2)
  9 bats
  3 giant cockroaches
  6 goblins
  11 hobgoblins
  A jackal (D:2)
  3 quokkas
  2 giant newts
  6 kobolds
  9 rats
91 creatures vanquished.

Notes
Turn   | Place    | Note
--------------------------------------------------------------
     0 | D:1      | Kirkhe the Octopode Warper began the quest for the Orb.
     0 | D:1      | Reached XP level 1. HP: 14/14 MP: 3/3
    61 | D:1      | Reached XP level 2. HP: 15/19 MP: 5/5
   516 | D:1      | Learned a level 2 spell: Blink
   569 | D:1      | Reached XP level 3. HP: 24/24 MP: 6/6
   852 | D:2      | Found a sacrificial altar of Ru.
   940 | D:2      | Reached XP level 4. HP: 29/29 MP: 7/7
  1017 | D:2      | Found a burning altar of Makhleb.
  1321 | D:2      | Reached XP level 5. HP: 25/34 MP: 9/9
  2153 | D:3      | Noticed Kirkhe's ghost (amateur OpTm)
  2767 | D:3      | Killed Kirkhe's ghost
  2767 | D:3      | Reached skill level 5 in Translocations
  2767 | D:3      | Reached XP level 6. HP: 24/39 MP: 10/10
  2893 | D:3      | Found a bloodstained altar of Trog.
  2944 | D:4      | Found a staircase to the Ecumenical Temple.
  3100 | D:4      | Found a glowing golden altar of the Shining One.
  3161 | D:4      | Found a snail-covered altar of Cheibriados.
  3265 | D:4      | Found a white marble altar of Elyvilon.
  3473 | D:4      | Found an oddly glowing altar of Pakellas.
  3497 | D:4      | Found a shimmering altar of Xom.
  3520 | Temple   | Entered the Ecumenical Temple
  3591 | Temple   | Became a worshipper of Fedhas Madash
  3623 | D:5      | Entered Level 5 of the Dungeon
  3683 | D:5      | Noticed a water moccasin
  3684 | D:5      | Reached XP level 7. HP: 25/45 MP: 11/11
  3688 | D:5      | Reached skill level 5 in Polearms
  3693 | D:5      | Slain by an orc wizard

Skill      XL: |  1  2  3  4  5  6  7 |
---------------+----------------------+-----
Translocations | 4 5 |  5.1
Spellcasting   | 3 |  3.3
Polearms       | 4 5 |  5.0
Fighting       | |  2.0
Throwing       | |  1.0
Dodging        | |  2.3
Shields        | |  0.8

Action                   |  1- 3 |  4- 6 |  7- 9 || total
-------------------------+-------+-------+-------++-------
Melee: Spear             |    84 |   205 |     5 ||   294
       Tentacles         |    15 |    25 |       ||    40
       Constrict         |    14 |    34 |       ||    48
Throw: Tomahawk          |       |     1 |       ||     1
  Use: Scroll            |       |    10 |       ||    10
       Potion            |       |     3 |     3 ||     6
 Stab: Sleeping          |    12 |    15 |       ||    27
       Paralysed         |     7 |       |       ||     7
       Distracted        |       |     1 |       ||     1
  Eat: Chunk             |       |     7 |       ||     7
       Fruit             |       |     1 |       ||     1
Armor: Skin              |     7 |    20 |       ||    27
Dodge: Dodged            |    28 |    64 |       ||    92
Block: Buckler           |       |     6 |       ||     6
